 Dungeon Crawl Stone Soup version 0.32-a0-630-g46d191b0ed (webtiles) character file.

Game seed: 4931127215448273488

265977 Implojin the Inexorable Tide (level 20, -9/154 (159) HPs)
             Began as a Coglin Artificer on Mar 6, 2024.
             Was a High Priest of Yredelemnul.
             Mangled by a war gargoyle
             ... wielding a +1 flail of draining
             ... led by a peacekeeper
              (72 damage)
             ... on level 2 of the Vaults.
             The game lasted 02:00:06 (41036 turns).

Implojin the Inexorable Tide (Coglin Artificer)    Turns: 41036, Time: 02:00:07

HP:   -9/154 (159)  AC: 35    Str: 13    XL:     20   Next: 9%
MP:   30/30         EV: 22    Int: 13    God:    Yredelemnul [*****.]
Gold: 2982          SH:  0    Dex: 25    Spells: 18/19 levels left

rFire   . . .        A - +3 rapier (vamp) {Qiu}
rCold   . . .        T - +5 dagger (protect) {Eadburga}
rNeg    . . .        x - +4 ring mail of Pantheism {Will+ Str+3}
rPois   +            k - +1 helmet of Time Monsters {^Drain +Inv rElec SInv}
rElec   +            M - +2 cloak {rPois}
rCorr   .            i - +2 pair of gloves {Dex+3}
SInv    +            o - +0 pair of boots of Xom's Righteous Anger {Rampage Str-2 Slay+3}
Will    +++..        (amulet unavailable)
Stlth   ++++++       (ring unavailable)
HPRegen 0.45/turn    (ring unavailable)
MPRegen 0.22/turn    U - experimental gyrobooster {RevParry, Will+ Slay+3}

%: rampage
@: under a protective aura, fragile (+50% incoming damage), wreathed by umbra,
lightly drained, revved
A: off-hand wielding, slow wielding, warmup strikes, no jewellery
}: 2/15 runes: serpentine, barnacled
a: Renounce Religion, Evoke Invisibility, Light the Black Torch, Recall Undead
Harvest, Hurl Torchlight, Bind Soul, Fathomless Shackles


You were on level 2 of the Vaults.
You worshipped Yredelemnul.
Yredelemnul was pleased with you.
You visited 7 branches of the dungeon, and saw 33 of its levels.
You also visited: Ice Cave.

You collected 4320 gold pieces.
You spent 1338 gold pieces at shops.

Inventory:

Hand Weapons
 p - a +3 rapier of electrocution
 A - a +3 vampiric rapier (weapon) {Qiu}
 L - a +2 demon blade of venom
 T - a +5 dagger of protection (offhand) {Eadburga}
Missiles
 c - 39 boomerangs (quivered)
 g - 9 javelins
 n - 11 poisoned darts
 t - 11 silver javelins
 u - 6 throwing nets
 K - 4 darts of dispersal
 P - 4 curare-tipped darts
Armour
 i - a +2 pair of gloves of dexterity (worn)
 k - the +1 helmet of Time Monsters (worn) {^Drain +Inv rElec SInv}
   (You bought it in a shop on level 10 of the Dungeon)

   rElec:     It insulates you from electricity.
   SInv:      It lets you see invisible.
   +Inv:      It lets you turn invisible.
   ^Drain:    It drains your maximum health when unequipped.
 l - a +1 leather armour of resistance
 o - the +0 pair of boots of Xom's Righteous Anger (worn) {Rampage Str-2 Slay+3}
   (You found it on level 2 of the Vaults)

   Str-2:     It affects your strength (-2).
   Slay+3:    It affects your accuracy & damage with ranged weapons and melee
   (+3).
   Rampage:   It bestows one free step when moving towards enemies.
 x - the +4 ring mail of Pantheism (worn) {Will+ Str+3}
   (You found it on level 5 of the Dungeon)

   Str+3:     It affects your strength (+3).
   Will+:     It increases your willpower.
 C - a +2 chain mail of fire resistance
 M - a +2 cloak of poison resistance (worn)
Gizmo
 U - an experimental gyrobooster (installed) {RevParry, Will+ Slay+3}
   (You invented it yourself on level 5 of the Lair of Beasts)

   [experimental gyrobooster]

   RevParry:  Your AC increases as you Rev (up to +5) and while fully Revved,
   your attacks may disarm enemies.
   Slay+3:    It affects your accuracy & damage with ranged weapons and melee
   (+3).
   Will+:     It increases your willpower.
Wands
 d - a wand of charming (2)
 F - a wand of paralysis (13)
 J - a wand of mindburst (10)
 R - a wand of roots (15)
 X - a wand of digging (10)
 Z - a wand of acid (17)
Scrolls
 a - 2 scrolls of brand weapon
 b - 4 scrolls of immolation
 h - a scroll of revelation
 j - 7 scrolls of teleportation
 m - 12 scrolls of poison
 w - a scroll of summoning
 y - 4 scrolls of fog
 G - 10 scrolls of blinking
 O - a scroll of enchant armour
 Q - 2 scrolls of fear
 V - a scroll of vulnerability
 W - a scroll of silence
 Y - 5 scrolls of enchant weapon
Potions
 e - 2 potions of might
 f - 4 potions of enlightenment
 r - 5 potions of curing
 s - 2 potions of heal wounds
 v - 7 potions of mutation
 z - 6 potions of haste
 B - 5 potions of resistance
 D - 7 potions of ambrosia
 E - 2 potions of berserk rage
 I - 2 potions of cancellation
 N - 3 potions of magic
 S - 4 potions of attraction
Miscellaneous
 q - a lightning rod (4/4)
 H - a phial of floods


   Skills:
 - Level 14.0 Fighting
 - Level 14.0(15.0) Short Blades
 - Level 10.2(14.0) Long Blades
 - Level 14.0 Armour
 - Level 14.0 Dodging
 * Level 8.4 Stealth
 - Level 14.5 Invocations
 - Level 4.0 Evocations


You had 18 spell levels left.
You knew the following spells:

 Your Spells              Type           Power      Damage    Failure   Level
a - Apportation           Tloc           0%         N/A       45%         1

Your spell library contained the following spells:

 Spells                   Type           Power      Damage    Failure   Level
 Magic Dart               Conj           0%         1d3       45%         1
 Necrotise                Necr           0%         1d4       45%         1
 Sting                    Conj/Alch      0%         1d3       45%         1
 Summon Small Mammal      Summ           0%         N/A       45%         1
 Ensorcelled Hibernation  Hex/Ice        0%         N/A       61%         2
 Searing Ray              Conj           0%         2d4       61%         2
 Static Discharge         Conj/Air       0%         3-3/arc   61%         2
 Call Canine Familiar     Summ           0%         N/A       83%         3
 Dazzling Flash           Conj/Hex       0%         N/A       83%         3
 Hailstorm                Conj/Ice       0%         3d5       83%         3
 Mephitic Cloud           Conj/Alch/Air  0%         N/A       83%         3
 Passwall                 Erth           0%         N/A       83%         3
 Sigil of Binding         Hex            0%         N/A       83%         3
 Summon Ice Beast         Ice/Summ       0%         N/A       83%         3
 Swiftness                Air            0%         N/A       83%         3
 Tukima's Dance           Hex            0%         N/A       83%         3
 Volatile Blastmotes      Fire/Tloc      0%         2d10      83%         3
 Airstrike                Air            0%         2d(0-16)  99%         4
 Dimensional Bullseye     Hex/Tloc       0%         N/A       99%         4
 Fulminant Prism          Conj/Alch      0%         3d5       99%         4
 Leda's Liquefaction      Alch/Erth      0%         N/A       99%         4
 Manifold Assault         Tloc           0%         N/A       99%         4
 Passage of Golubria      Tloc           0%         N/A       99%         4
 Summon Lightning Spire   Summ/Air       0%         N/A       99%         4
 Curse of Agony           Necr           0%         N/A       100%        5
 Irradiate                Conj/Alch      0%         3d11      100%        5
 Iskenderun's Battlesphe  Conj           0%         2d6       100%        5
 Lee's Rapid Deconstruct  Erth           0%         3d4*      100%        5
 Silence                  Hex/Air        0%         N/A       100%        5
 Summon Forest            Summ/Tloc      0%         N/A       100%        5
 Summon Mana Viper        Hex/Summ       0%         N/A       100%        5
 Yara's Violent Unravell  Hex/Alch       0%         3d3       100%        5
 Bombard                  Conj/Erth      0%         9d1       100%        6
 Conjure Ball Lightning   Conj/Air       0%         3x3d6     100%        6
 Dispersal                Tloc           0%         N/A       100%        6
 Eringya's Noxious Bog    Alch           0%         4d6       100%        6
 Sculpt Simulacrum        Ice/Alch       0%         N/A       100%        6
 Summon Cactus Giant      Summ           0%         N/A       100%        6
 Ozocubu's Refrigeration  Ice            0%         4d7       100%        7
 Spellforged Servitor     Conj/Summ      0%         N/A       100%        7
 Summon Hydra             Summ           0%         N/A       100%        7
 Discord                  Hex            0%         N/A       100%        8
 Disjunction              Tloc           0%         N/A       100%        8
 Polar Vortex             Ice            0%         N/A       100%        9


Dungeon Overview and Level Annotations

Branches:
Dungeon (15/15)            Temple (1/1) D:4            Lair (5/5) D:11
 Shoals (4/4) Lair:2        Snake (4/4) Lair:2        Slime (0/5) Lair:4
    Orc (2/2) D:12            Elf (0/3) Orc:2        Vaults (2/5) D:13
  Crypt (0/3) Vaults:2     Depths (0/4) D:15          IceCv (visited)

Altars:
Ashenzari
Cheibriados
Dithmenos
Elyvilon
Fedhas
Gozag
Hepliaklqana
Kikubaaqudgha
Makhleb
Nemelex Xobeh
Okawaru
Qazlal
Ru
Sif Muna
Trog
Uskayaw
Vehumet
Wu Jian
Xom
Yredelemnul
Zin
The Shining One
Beogh
Jiyva

Shops:
D:9 :   D:10 [*?(*   D:12 [(   D:14 =   Orc:1 ??   Orc:2 [(*=   Shoals:3 (
Snake:1 ::=   Snake:2 (   Snake:3 ?

Annotations:
Lair:1 2 transporters, zenocrate's ghost, journeyman OpEE


Innate Abilities, Weirdness & Mutations

You can wield a second weapon in your off-hand.
It takes a long time for you to wield or remove held weapons.
Your first few attacks do less damage.
You cannot equip rings or amulets.


Message History

Your redback zombie is destroyed!
The peacekeeper bites you!
* * * LOW HITPOINT WARNING * * *
The peacekeeper closely misses you.
Your ironbound preserver zombie barely misses the war gargoyle.
Strange energies crackle from the ironbound thunderhulk's apparatus.
The ironbound thunderhulk blinks!
You hit the peacekeeper but do no damage.
The peacekeeper is severely damaged.
You hit the peacekeeper with your +5 dagger of protection.
The grasping roots constrict the peacekeeper, but do no damage.
The peacekeeper misses you. The peacekeeper barely misses you.
Your great orb of eyes zombie bites the war gargoyle but does no damage.
Your bound death knight hits the war gargoyle but does no damage.
You puncture the peacekeeper with your +5 dagger of protection!
You destroy the peacekeeper!
The war gargoyle hits you with a +1 flail of draining!
* * * LOW HITPOINT WARNING * * *
You feel drained.
Aiming: Fastroot
Press: ? - help, Shift-Dir - straight line The roots erupt in riotous growth!
Roots grab the war gargoyle.
The slime creature is unaffected.
The grasping roots constrict the war gargoyle!
Your bound death knight hits the war gargoyle from afar with a +0 halberd!
The war gargoyle launches metal splinters at you.
The spray of metal splinters hits you.
* * * LOW HITPOINT WARNING * * *
Your great orb of eyes zombie bites the war gargoyle but does no damage.
Strange energies crackle from the ironbound thunderhulk's apparatus.
The ironbound thunderhulk blinks!
Unknown command.
You puncture the war gargoyle with your +3 vampiric rapier!
The war gargoyle is severely damaged.
You hit the war gargoyle but do no damage.
The grasping roots constrict the war gargoyle.
The war gargoyle hits you with a +1 flail of draining!!!
You die...
Your body rises from the dead as a mindless zombie.

#############
#.....O......
#....#J...#..
#.#).@9..J.$.
#...ZZ#..#...
######..#ZZZ.J...
#........Z........
#....#...########.
#..#.....#
+.....#..#
#...#....#
........#


You could see an ironbound thunderhulk, 3 slime creatures, a war gargoyle
(strong, rooted, ally target), a friendly bound death knight, a friendly great
orb of eyes zombie, a friendly orc knight zombie, 2 friendly deep troll zombies
and a friendly ironbound preserver zombie.

Vanquished Creatures
  Mara (Shoals:4)
  A shard shrike (IceCv)
  Norris (Vaults:1)
  A sphinx (Shoals:4)
  Polyphemus (Shoals:4)
  2 nagarajas
  2 vault wardens
  A curse skull (Vaults:2)
  An orc warlord (Orc:1)
  4 ironbound preservers
  2 ironbound thunderhulks (Vaults:2)
  7 dire elephants (Vaults:1)
  2 minotaurs (Shoals:4)
  A war gargoyle (Vaults:2)
  A white draconian (IceCv)
  Snorg (D:12)
  The ghost of RockinRobin the Blocker, a journeyman FoFi of Okawaru (D:11)
  A merfolk javelineer (Shoals:4)
  2 crystal guardians (Vaults:2)
  3 merfolk impalers
  2 yaktaur captains (Vaults:2)
  3 salamander tyrants (Snake:4)
  2 entropy weavers
  2 vault guards (Vaults:2)
  3 peacekeepers (Vaults:2)
  2 hydras
  9 ironbound frosthearts
  2 merfolk avatars (Shoals:2)
  3 anacondas
  Erolcha (D:13)
  2 two-headed ogres
  5 centaur warriors
  2 satyrs (Shoals:4)
  A death knight (D:15)
  5 boulder beetles
  A dancing weapon (D:13)
  3 merfolk aquamancers
  A catoblepas (Shoals:4)
  A deep troll shaman (Lair:5)
  9 naga warriors
  An occultist (D:13)
  2 orc high priests (Orc:2)
  8 death yaks
  A shock serpent (Snake:4)
  A tengu warrior (D:14)
  Nergalle (Lair:2)
  11 naga sharpshooters
  4 skysharks
  A skeletal warrior (D:15)
  4 sea snakes
  A salamander mystic (Snake:4)
  3 mana vipers
  A glowing orange brain (Vaults:2)
  2 naga ritualists
  14 deep trolls
  An arcanist (Vaults:1)
  An orange crystal statue (IceCv)
  6 ironbound convokers
  2 lindwurms (Vaults:2)
  4 orc knights
  11 harpies
  4 deep elf pyromancers
  2 cyclopes
  11 manticores
  Maurice (D:8)
  15 ugly things
  4 orc sorcerers
  A faun (Shoals:4)
  2 salamanders (Snake:2)
  2 meliai (D:12)
  6 elephants
  6 kobold blastminers (Orc:2)
  4 vault sentinels
  19 black mambas
  2 water nymphs
  3 merfolk sirens
  A guardian serpent (Snake:4)
  9 slime creatures
  10 naga magi
  Maggie (D:10)
  7 cane toads
  3 kobold demonologists
  A gargoyle (D:12)
  7 yaktaurs
  2 tengu conjurers
  9 rime drakes (IceCv)
  3 komodo dragons
  A wandering mushroom (Lair:1)
  5 freezing wraiths
  17 polar bears
  10 merfolk
  A troll (Orc:2)
  3 wind drakes
  4 blink frogs
  3 snapping turtles
  2 dream sheep
  5 wraiths
  5 water elementals
  26 yaks
  A warg (Orc:1)
  2 wyverns
  2 basilisks
  2 steam dragons
  6 redbacks
  23 nagas
  Edmund (D:4)
  7 water moccasins
  An acid dragon (D:11)
  20 orc warriors
  A meliai simulacrum (D:13)
  4 boggarts (Vaults:1)
  4 black bears
  6 ogres
  3 laughing skulls
  16 wolves
  4 centaurs
  A gnoll sergeant (D:8)
  6 kobold brigands
  4 bullfrogs
  3 scorpions
  10 wights
  A ballistomycete (Lair:2)
  25 killer bees
  7 howler monkeys
  6 electric eels
  A bombardier beetle (D:5)
  5 hounds
  9 orc priests
  A jelly (D:5)
  Crazy Yiuf (D:4)
  6 iguanas
  2 sleepcaps (D:4)
  18 orc wizards
  Robin (D:4)
  8 gnolls
  13 adders
  A shadow imp (D:6)
  7 dart slugs
  4 ribbon worms
  63 orcs
  9 ball pythons
  8 endoplasms
  4 giant cockroaches
  7 hobgoblins
  4 jackals (D:1)
  7 kobolds
  5 quokkas
  3 bats (D:1)
  7 frilled lizards
  18 goblins
  5 rats
  2 tentacles (Shoals:1)
777 creatures vanquished.

Vanquished Creatures (collateral kills)
  Vashnia (Snake:4)
  Nikola (Vaults:1)
  2 krakens
  2 nagarajas
  A vault warden (Vaults:1)
  2 orc warlords
  An ironbound thunderhulk (Vaults:1)
  A formless jellyfish (Shoals:4)
  A minotaur (Shoals:4)
  3 dire elephants (Vaults:1)
  A fire dragon (D:15)
  A shambling mangrove (Lair:2)
  A merfolk impaler (Shoals:3)
  A yaktaur captain (Vaults:1)
  A great orb of eyes (Vaults:2)
  An ice dragon (D:15)
  A vault guard (D:13)
  A salamander tyrant (Snake:4)
  2 ironbound frosthearts (Vaults:1)
  9 anacondas
  2 boulder beetles
  5 centaur warriors
  2 merfolk avatars (Shoals:1)
  A two-headed ogre (D:13)
  A death yak (Shoals:4)
  An orc high priest (Orc:1)
  7 satyrs
  A shock serpent (Snake:4)
  4 naga sharpshooters
  5 naga warriors
  A skyshark (Shoals:1)
  A salamander mystic (Snake:3)
  4 sea snakes
  3 deep trolls
  3 naga ritualists
  6 mana vipers
  An arcanist (Vaults:1)
  14 harpies
  2 orc knights
  2 ironbound convokers (Vaults:1)
  An oklob plant (Lair:2)
  5 ugly things
  10 manticores
  11 fauns
  3 cyclopes
  A kobold blastminer (Orc:2)
  5 elephants
  3 salamanders (Snake:4)
  A meliai (D:12)
  A vault sentinel (Vaults:1)
  5 merfolk sirens
  2 guardian serpents
  A water nymph (Shoals:2)
  A gargoyle (D:13)
  8 black mambas
  12 naga magi (Snake:4)
  5 rime drakes (IceCv)
  A kobold demonologist (D:13)
  A cane toad (Lair:4)
  A yaktaur (Vaults:2)
  A tengu conjurer (D:14)
  7 komodo dragons
  A freezing wraith (Shoals:1)
  8 polar bears
  A wandering mushroom (Lair:2)
  2 trolls
  A queen bee (D:12)
  3 wind drakes
  9 merfolk
  2 blink frogs (Lair:4)
  7 dream sheep
  4 snapping turtles (Shoals:1)
  A jumping spider (Vaults:2)
  8 slime creatures
  A wyvern (D:9)
  2 basilisks
  8 water elementals
  3 wraiths
  4 yaks
  A golden eye (Lair:2)
  4 wargs
  4 redbacks (D:15)
  25 nagas
  6 water moccasins
  13 orc warriors
  4 black bears
  An ice beast (D:7)
  An ogre (Lair:1)
  A boggart (Vaults:1)
  A laughing skull (Vaults:2)
  6 wolves
  A centaur (D:10)
  A kobold brigand (D:9)
  3 bullfrogs
  A gnoll sergeant (D:8)
  A scorpion (D:11)
  3 wights
  4 killer bees
  8 howler monkeys
  An electric eel (Lair:2)
  A hound (D:7)
  5 orc priests
  An iguana (Lair:3)
  5 orc wizards
  6 gnolls
  An adder (D:5)
  A shadow imp (D:7)
  32 orcs
  5 kobolds
  4 tentacles (Shoals:1)
402 creatures vanquished.

Vanquished Creatures (others)
  A spectral human (Shoals:4)
  A spectral satyr (Vaults:2)
  An anaconda zombie (Snake:2)
  An ugly thing zombie (D:14)
  A cyclops zombie (Shoals:4)
  A spectral skyshark (Lair:5)
  A dire elephant zombie (Vaults:1)
  A shock serpent zombie (Snake:4)
  2 mana viper zombies (Snake:1)
  2 yaktaur zombies (Vaults:1)
  A death yak zombie (Lair:5)
  4 redback zombies
  2 sea snake zombies
  6 harpy zombies
  A jumping spider zombie (Vaults:2)
  2 guardian serpent zombies (Snake:4)
  A satyr zombie (Shoals:4)
  7 black mamba zombies
  A water elemental (Shoals:4)
  A wind drake zombie (Shoals:1)
  6 slime creature zombies
  2 skyshark zombies (Vaults:1)
  2 deep troll zombies
  A naga (Snake:4)
  2 cane toad zombies (Lair:5)
  2 two-headed ogre zombies
  A dream sheep zombie (Lair:3)
  A manticore zombie (Shoals:4)
  6 merfolk zombies
  4 human zombies
  2 blink frog zombies (Lair:1)
  An elf zombie (D:14)
  A rime drake zombie (IceCv)
  2 salamander zombies (Snake:4)
  A komodo dragon zombie (Lair:4)
  A warg zombie (Orc:1)
  4 water moccasin zombies
  3 killer bees (D:7)
  A spectral naga (Lair:2)
  3 polar bear zombies (IceCv)
  A tengu zombie (D:15)
  4 yak zombies
  6 wolf zombies
  2 bullfrog zombies
  4 centaur zombies
  3 black bear zombies
  2 scorpion zombies
  An orc wizard (D:11)
  7 killer bee zombies
  An acid dragon zombie (D:11)
  7 naga zombies
  4 kobold zombies
  2 ogre zombies (Orc:1)
  4 howler monkey zombies
  21 orc zombies
  3 orcs
  7 tentacles
163 creatures vanquished.

Grand Total: 1342 creatures vanquished

Notes
Turn   | Place    | Note
-------+----------+-------------------------------------------
     0 | D:1      | Implojin the Coglin Artificer began the quest for the Orb.
     0 | D:1      | Reached XP level 1. HP: 15/15 MP: 1/1
   127 | D:1      | Reached skill level 1 in Short Blades
   159 | D:1      | Reached XP level 2. HP: 21/21 MP: 2/2
   491 | D:1      | Reached XP level 3. HP: 26/26 MP: 3/3
  1228 | D:2      | Reached XP level 4. HP: 32/32 MP: 4/4
  2013 | D:2      | Reached XP level 5. HP: 37/37 MP: 5/5
  2755 | D:3      | Found a faded altar of an unknown god.
  2792 | D:3      | Found a glowing golden altar of the Shining One.
  2820 | D:3      | Reached XP level 6. HP: 40/47 MP: 6/6
  3229 | D:4      | Noticed Robin
  3321 | D:4      | Killed Robin
  3477 | D:4      | Reached skill level 5 in Short Blades
  3537 | D:4      | Found a runed translucent door.
  3538 | D:4      | Noticed Crazy Yiuf
  3640 | D:4      | Found a staircase to the Ecumenical Temple.
  3668 | D:4      | Noticed Edmund
  3677 | D:4      | Killed Edmund
  3678 | D:4      | Reached XP level 7. HP: 48/52 MP: 7/7
  3696 | Temple   | Entered the Ecumenical Temple
  4369 | Temple   | Became a worshipper of Yredelemnul the Fallen
  4512 | D:5      | Entered Level 5 of the Dungeon
  4521 | D:5      | Reached skill level 1 in Invocations
  4608 | D:5      | Reached XP level 8. HP: 45/58 MP: 9/9
  4824 | D:5      | Identified the +4 ring mail of Pantheism {Will+ Str+3}
  5619 | D:6      | Found a burning altar of Makhleb.
  5768 | D:6      | Reached skill level 1 in Stealth
  6696 | D:7      | Reached * piety under Yredelemnul
  6927 | D:7      | Reached XP level 9. HP: 62/67 MP: 12/12
  6931 | D:7      | Reached skill level 5 in Fighting
  7243 | D:7      | Found a shimmering blue altar of Sif Muna.
  8371 | D:8      | Identified the ring of the Rescuing Seer {Fire Str+5
                  | Slay-5}
  8382 | D:8      | Noticed a two-headed ogre
  8412 | D:8      | Reached ** piety under Yredelemnul
  8414 | D:8      | Killed a two-headed ogre
  9239 | D:8      | Reached skill level 10 in Short Blades
  9245 | D:8      | Reached XP level 10. HP: 76/76 MP: 13/13
  9292 | D:8      | Reached skill level 1 in Dodging
  9447 | D:8      | Noticed Maurice
  9458 | D:8      | Something stole a +0 dagger of venom
  9462 | D:8      | Something stole 9 javelins
  9470 | D:8      | Killed Maurice
  9764 | D:4      | Killed Crazy Yiuf
 10248 | D:9      | Found a shimmering altar of Xom.
 10356 | D:9      | Noticed a kobold demonologist
 10483 | D:9      | Killed a kobold demonologist
 10484 | D:9      | Reached skill level 5 in Dodging
 10935 | D:9      | Found an ornate altar of the Wu Jian Council.
 11098 | D:9      | Found Katuwn's Book Shoppe.
 11658 | D:9      | Identified a scroll of acquirement
 11663 | D:9      | Acquired a +1 vampiric rapier
 11697 | D:10     | Entered Level 10 of the Dungeon
 11711 | D:10     | Reached skill level 5 in Invocations
 11720 | D:10     | Reached XP level 11. HP: 84/84 MP: 13/15
 11766 | D:10     | Found Uluimp's Armour Boutique.
 11809 | D:10     | Bought the +1 helmet of Time Monsters {^Drain +Inv rElec
                  | SInv} for 407 gold pieces
 11824 | D:10     | Noticed Maggie
 11837 | D:10     | Found Laeful's Assorted Antiques.
 11849 | D:10     | Killed Maggie
 11856 | D:10     | Bought a scroll labelled MORUECKEIMM for 36 gold pieces
 11902 | D:10     | Found Zamenaim's Magic Scroll Emporium.
 11909 | D:10     | Bought a scroll of fear for 56 gold pieces
 11909 | D:10     | Bought a scroll of enchant armour for 105 gold pieces
 11991 | D:10     | Found a white marble altar of Elyvilon.
 12016 | D:10     | Found a sparkling altar of Nemelex Xobeh.
 12100 | D:10     | Noticed a manticore
 12112 | D:10     | Killed a manticore
 12112 | D:10     | Reached *** piety under Yredelemnul
 12159 | D:10     | Found Laplenwa's Weapon Shoppe.
 12285 | D:10     | Found Naameh's General Store.
 12296 | D:10     | Bought a potion of curing for 33 gold pieces
 12423 | D:10     | Bought a scroll of identify for 28 gold pieces
 12423 | D:10     | Bought a scroll of identify for 28 gold pieces
 12423 | D:10     | Bought a scroll of identify for 28 gold pieces
 12423 | D:10     | Bought a scroll of identify for 28 gold pieces
 12577 | D:11     | Found a staircase to the Lair.
 12691 | D:11     | Noticed a manticore
 12704 | D:11     | Killed a manticore
 13049 | D:11     | Found a runed translucent door.
 13049 | D:11     | Noticed RockinRobin's ghost (journeyman FoFi)
 13315 | D:11     | Killed RockinRobin's ghost
 13509 | D:11     | Identified the +7 scimitar of the Desolation of Salt
                  | {chaos, Will+ Str+4 SInv}
 13713 | D:10     | Bought a scroll of silence for 133 gold pieces
 13782 | Lair:1   | Entered Level 1 of the Lair of Beasts
 13896 | Lair:1   | Noticed a spriggan rider
 13900 | Lair:1   | Noticed a spriggan berserker
 13901 | Lair:1   | Noticed a spriggan rider
 13901 | Lair:1   | Noticed zenocrate's ghost (journeyman OpEE)
 13902 | Lair:1   | Noticed a moth of wrath
 13904 | Lair:1   | Noticed a moth of wrath
 13958 | Lair:1   | Reached skill level 10 in Invocations
 13958 | Lair:1   | Reached XP level 12. HP: 79/91 MP: 19/19
 14090 | Lair:1   | Found a bloodstained altar of Trog.
 14097 | Lair:1   | Found a transporter.
 14117 | Lair:1   | Found a transporter.
 14202 | Lair:1   | Noticed Sonja
 14208 | Lair:1   | Sonja changed into Sonja the ogre
 14208 | Lair:1   | Noticed Sonja
 14210 | Lair:1   | Killed Sonja the ogre
 14888 | Lair:2   | Noticed Nergalle
 14908 | Lair:2   | Killed Nergalle
 15032 | Lair:2   | Found a staircase to the Snake Pit.
 15042 | Lair:2   | Reached **** piety under Yredelemnul
 15296 | Lair:2   | Found an ancient bone altar of Kikubaaqudgha.
 15331 | Lair:2   | Reached skill level 10 in Fighting
 15707 | Lair:2   | Found a staircase to the Shoals.
 15879 | Lair:2   | an oklob plant changed into a shambling mangrove
 15879 | Lair:2   | Noticed a shambling mangrove
 15891 | Lair:2   | Killed a shambling mangrove
 16462 | Lair:3   | Noticed a four-headed hydra
 16471 | Lair:3   | Reached XP level 13. HP: 94/103 MP: 20/20
 18296 | Lair:4   | Found a viscous altar of Jiyva.
 18296 | Lair:4   | Found a staircase to the Slime Pits.
 18334 | Lair:5   | Entered Level 5 of the Lair of Beasts
 18652 | Lair:5   | Reached ***** piety under Yredelemnul
 19233 | Lair:5   | Reached XP level 14. HP: 110/110 MP: 21/21
 19250 | Lair:5   | Identified the +11 war axe "Ilucupp" {protect, rC+ Will+}
 19266 | Lair:5   | Identified the +2 robe of the Yeti {+Blink}
 19497 | Lair:5   | Acquired an experimental gyrobooster {RevParry, Will+
                  | Slay+3}
 19733 | D:12     | Noticed Josephine
 19750 | D:12     | Killed Josephine
 19750 | D:12     | Bound Josephine
 19904 | D:12     | Reached skill level 10 in Dodging
 19933 | D:12     | Noticed Snorg
 19948 | D:12     | Killed Snorg
 19964 | D:12     | Found a staircase to the Orcish Mines.
 19964 | D:12     | Found Dohedah's Weapon Shop.
 20280 | D:12     | Found Golaos's Armour Boutique.
 20446 | D:12     | Noticed Frances
 20458 | D:12     | Killed Frances
 20458 | D:12     | Bound Frances
 20595 | D:12     | Reached skill level 5 in Armour
 21038 | D:13     | Noticed Erolcha
 21048 | D:13     | Killed Erolcha
 21145 | D:13     | Found a gate to the Vaults.
 22419 | D:14     | Reached skill level 5 in Stealth
 22443 | D:14     | Found a broken altar of Ashenzari.
 22609 | D:14     | Identified the ring of Koliff {Str+6 Dex+2 Slay+5}
 22664 | D:14     | Identified the blade talisman of Disaster {rN+ Int+3 Dex+4}
 22929 | D:14     | Found Soriul Luang's Jewellery Shoppe.
 23384 | D:15     | Entered Level 15 of the Dungeon
 23396 | D:15     | Reached XP level 15. HP: 115/115 MP: 22/22
 23879 | D:15     | Found a staircase to the Depths.
 24213 | Orc:1    | Entered Level 1 of the Orcish Mines
 24463 | Orc:1    | Found Lokobame's Magic Scroll Emporium.
 24463 | Orc:1    | Noticed an orc warlord
 24464 | Orc:1    | Found Paufrezi's Magic Scroll Shoppe.
 24492 | Orc:1    | Killed an orc warlord
 24708 | Orc:2    | Entered Level 2 of the Orcish Mines
 24957 | Orc:2    | Found a roughly hewn altar of Beogh.
 24982 | Orc:2    | Found a staircase to the Elven Halls.
 25126 | Orc:2    | Found a roughly hewn altar of Beogh.
 25428 | Orc:2    | Found a roughly hewn altar of Beogh.
 25490 | Orc:2    | Found a roughly hewn altar of Beogh.
 25491 | Orc:2    | Found Pufew's Jewellery Boutique.
 25572 | Orc:2    | Found a roughly hewn altar of Beogh.
 25577 | Orc:2    | Found Guiraa's Assorted Antiques.
 25639 | Orc:2    | Bought a golden potion for 28 gold pieces
 25639 | Orc:2    | Bought a glowing sapphire potion for 28 gold pieces
 25671 | Orc:2    | Found a roughly hewn altar of Beogh.
 25711 | Orc:2    | Found Veug's Antique Weapon Emporium.
 25711 | Orc:2    | Noticed an orc warlord
 25714 | Orc:2    | Found Byxkoplie's Antique Armour Shoppe.
 25720 | Orc:2    | Found a roughly hewn altar of Beogh.
 25728 | Orc:2    | Killed an orc warlord
 25871 | Orc:2    | Found a roughly hewn altar of Beogh.
 25962 | Orc:2    | Bought a polished dagger for 203 gold pieces
 25962 | Orc:2    | Identified the +7 dagger "Xurau" {venom, Dex+2} (You bought
                  | it in a shop on level 2 of the Orcish Mines)
 26038 | Orc:1    | Bought a scroll of revelation for 82 gold pieces
 26038 | Orc:1    | Bought a scroll of teleportation for 33 gold pieces
 26038 | Orc:1    | Bought a scroll of blinking for 82 gold pieces
 26163 | Snake:1  | Entered Level 1 of the Snake Pit
 27451 | Snake:1  | Found Ity Duil's Jewellery Emporium.
 27452 | Snake:1  | Found Voomole's Book Shop.
 27452 | Snake:1  | Found Koeray's Book Shop.
 27557 | Snake:1  | Reached XP level 16. HP: 117/122 MP: 15/23
 28401 | Snake:2  | Found Igai's Antique Weapon Shop.
 29040 | Snake:2  | Noticed a nagaraja
 29050 | Snake:2  | Killed a nagaraja
 29323 | Snake:3  | Found Wunuet's Magic Scroll Shop.
 29421 | Snake:3  | Reached ****** piety under Yredelemnul
 29639 | Snake:3  | Noticed a nagaraja
 29653 | Snake:3  | Killed a nagaraja
 29676 | Snake:3  | Identified the +2 scimitar of Xom's Approval {freeze, rElec
                  | rCorr Str-4 SInv}
 29889 | Snake:3  | Reached skill level 10 in Armour
 30372 | Snake:4  | Entered Level 4 of the Snake Pit
 31218 | Snake:4  | Noticed a nagaraja
 31234 | Snake:4  | Noticed a nagaraja
 31506 | Snake:4  | Reached XP level 17. HP: 82/128 MP: 24/24
 31676 | Snake:4  | Noticed Vashnia
 31691 | Snake:4  | Killed Vashnia
 32232 | Snake:4  | Got a serpentine rune of Zot
 32870 | Shoals:1 | Entered Level 1 of the Shoals
 33027 | Shoals:1 | Got the Verses on Relocated Violence
 33131 | Shoals:1 | Noticed a kraken
 33146 | Shoals:1 | Killed a kraken
 33177 | Shoals:1 | Found a glacial archway.
 33204 | IceCv    | Entered an ice cave
 34064 | IceCv    | Noticed a shard shrike
 34137 | IceCv    | Killed a shard shrike
 34571 | Shoals:1 | Acquired 493 gold pieces
 34642 | Shoals:1 | Reached XP level 18. HP: 128/141 MP: 26/26
 35755 | Shoals:3 | Found Mishrogre's Weapon Shoppe.
 36001 | Shoals:3 | Found a burning altar of Makhleb.
 36207 | Shoals:4 | Entered Level 4 of the Shoals
 36253 | Shoals:4 | Noticed Mara
 36268 | Shoals:4 | Killed Mara
 36284 | Shoals:4 | Noticed Polyphemus
 36352 | Shoals:4 | Killed Polyphemus
 36390 | Shoals:4 | Your ally Frances died
 36418 | Shoals:4 | Your ally Polyphemus died
 36445 | Shoals:4 | Got a barnacled rune of Zot
 36550 | Shoals:4 | Identified the +1 plate armour of Peek-a-Boo {rC+ rCorr}
 36626 | Shoals:4 | Reached XP level 19. HP: 147/147 MP: 29/29
 36826 | Shoals:4 | Learned a level 1 spell: Apportation
 37241 | Vaults:1 | Entered Level 1 of the Vaults
 37263 | Vaults:1 | Reached skill level 1 in Long Blades
 37426 | Vaults:1 | Reached skill level 5 in Long Blades
 37753 | Vaults:1 | Noticed Norris
 37772 | Vaults:1 | Killed Norris
 37915 | Vaults:1 | Noticed Nikola
 37929 | Vaults:1 | Killed Nikola
 39419 | Vaults:2 | Reached skill level 10 in Long Blades
 39987 | Vaults:2 | Identified the +0 pair of boots of Xom's Righteous Anger
                  | {Rampage Str-2 Slay+3}
 40249 | Vaults:2 | Identified the +3 battleaxe of Qipneh {protect, rC- Str+5
                  | Int+3}
 40636 | Vaults:2 | Reached XP level 20. HP: 122/158 MP: 30/30
 40967 | Vaults:2 | Found a staircase to the Crypt.
 41036 | Vaults:2 | Mangled by a war gargoyle

Illustrated notes

Levels and vault maps discovered:
D:1:      psy_arrival_terrarium, layout_basic, chequers_serial_rivers_micro_d
D:2:      layout_basic, corexii_leaking_fountain
D:3:      layout_rooms, tso_oasis_becter, ebering_ecumenical_altar_mist,
          minmay_starry_boxes
D:4:      kennysheep_six_static_rooms, layout_rooms, minmay_temple_entry_glass,
          uniq_robin, uniq_crazy_yiuf_cottage, uniq_edmund
D:5:      layout_basic, minmay_misc_feat_ornament
D:6:      layout_gridville, mainiacjoe_overflow_small_starburst, serial_glass,
          glass_columns_a, glass_columns_a
D:7:      layout_layer_cave, marbit_many_paths, minivault_10
D:8:      layout_basic, uniq_maurice
D:9:      layout_layer_cave, old_standard_altar, lemuel_crystal_altar,
          serial_shops, shop
D:10:     layout_small_grid, mainiacjoe_overflow_concentric_impassable,
          elyvilon_altar_5, serial_shops, nicolae_lakefront_shop, shop,
          kennysheep_mini, shop_fountains, shop, small_statue_alley_a,
          uniq_maggie
D:11:     layout_irregular_city, grunt_lair_entry_orc_guard_hut,
          hellmonk_ghost_happy_afterlife, serial_bayou_lake_a
D:12:     layout_basic, orc_david_3, special_room [special_room_bee],
          serial_shops, shop, uniq_frances, uniq_josephine, uniq_snorg
D:13:     layout_long_grid, erik_vaults_1, serial_rivers,
          chequers_serial_rivers_micro_d, chequers_serial_rivers_micro_e,
          chequers_serial_rivers_room_a, chequers_serial_rivers_small_a,
          chequers_serial_rivers_micro_e, uniq_erolcha
D:14:     layout_layer_cave, evilmike_ruin_ashenzari, serial_shops,
          nicolae_lakefront_shop
D:15:     grunt_enter_depths_hoard, layout_basic,
          hangedman_abyss_or_decor_lesser_grid, drop_trap
Temple:   minmay_freezing_vapour_temple
Lair:1:   layout_cave_pods, gammafunk_ghost_wrathful_warriors,
          chequers_serial_rivers_micro_c, uniq_sonja
Lair:2:   layout_small_grid, minmay_shoals_entry_lonely_mermaid,
          nicolae_snake_entry_squirm, basic_altar, disabler_island,
          lemuel_fruit_tree, infiniplex_staircase_pool, serial_bayou_shore_a,
          uniq_nergalle
Lair:3:   dreamdust_cave_troll, layout_misc_corridors, beast_lair_carwin_10
Lair:4:   layout_concentric_octagons, dpeg_slime_entry_enclosed
Lair:5:   grunt_lair_end_beastmaster, layout_cave_pods, st_stairs_3
Shoals:1: layout_shoals, portal_ice_cave_entry_frozen_things
Shoals:2: layout_shoals, nicolae_shoals_loop_pool
Shoals:3: layout_shoals, serial_shops, shop, lemuel_altar_in_water
Shoals:4: shoals_end_hellmonk_lost_city, uniq_polyphemus, uniq_mara
Snake:1:  layout_chambers, minmay_shop_grove
Snake:2:  layout_chambers, serial_shops, nicolae_shop_back_alley_shop
Snake:3:  layout_cave_town, serial_shops, nicolae_stop_n_shop_2
Snake:4:  minmay_snake_end_coiled, layout_onion, uniq_vashnia
Orc:1:    layout_caves, serial_shops, nicolae_shop_behind_doors, shop
Orc:2:    grunt_orc_community_town_hall, layout_diamond_mine,
          grunt_orc_community_big_house_2, grunt_orc_community_big_house_1,
          grunt_orc_community_house_2, grunt_orc_community_house_2,
          grunt_orc_community_house_1, grunt_orc_community_house_2, basic_altar
Vaults:1: nicolae_vaults_storage_room_glass, ontoclasm_vaults_ring_small,
          nicolae_vaults_shrinking_rooms_1, nicolae_vaults_closet_pinwheel_2,
          nicolae_vaults_little_squares_3, nicolae_vaults_big_ls,
          nicolae_vaults_three_branches, v_misc_8, hangedman_vaults_maws,
          nicolae_vaults_sightless_eye, nicolae_vaults_tetromino_L_2,
          nicolae_vaults_trapezoid_4, layout_vaults_omnigrid, uniq_nikola,
          uniq_norris
Vaults:2: nicolae_vaults_network_barrier, ontoclasm_vaults_twist,
          hangedman_vaults_nodes, vaults_standard_mumra_x, hangedman_vaults_hat,
          v_misc_9, grunt_vaults_funnel, minmay_crypt_entry_simple_statues,
          nicolae_vaults_trapezoid_4, layout_vaults_big_room

Skill      XL: |  1  2  3  4  5  6  7  8  9 10 11 12 13 14 15 16 17 18 19 20 |
---------------+-------------------------------------------------------------+-----
Short Blades   | 1 2 3 4 5 7 10 12 14 | 14.0
Fighting       | 3 4 5 7 10 12 13 14 | 14.0
Invocations    | 1 4 5 10 14 | 14.5
Stealth        | 3 5 8 |  8.4
Dodging        | 6 9 10 13 14 | 14.0
Armour         | 8 12 14 | 14.0
Long Blades    | 10 | 10.2
Evocations     | |  4.0

Action                     |  1- 3 |  4- 6 |  7- 9 | 10-12 | 13-15 | 16-18 | 19-21 || total
---------------------------+-------+-------+-------+-------+-------+-------+-------++-------
  Melee: Dagger            |   140 |    96 |   108 |   487 |   608 |   816 |   523 ||  2778
         Club              |     8 |       |       |       |       |       |       ||     8
         Short sword       |    46 |   357 |   515 |   412 |   354 |       |       ||  1684
         Rapier            |       |       |       |   358 |   942 |   836 |   538 ||  2674
  Throw: Boomerang         |       |       |       |     1 |       |     1 |       ||     2
   Cast: Apportation       |       |       |       |       |       |       |     1 ||     1
 Invoke: Light the Black T |       |       |     4 |     6 |     9 |     8 |     2 ||    29
         Recall Undead Har |       |       |     1 |     1 |     5 |    10 |     6 ||    23
         Bind Soul         |       |       |       |       |     4 |     1 |     1 ||     6
         Fathomless Shackl |       |       |       |       |     3 |     5 |     2 ||    10
Ability: Invent Gizmo      |       |       |       |       |     1 |       |       ||     1
  Evoke: Wand              |       |    21 |    16 |    22 |     7 |     2 |     2 ||    70
         Lightning rod     |       |       |       |       |     3 |       |       ||     3
    Use: Scroll            |       |     1 |     8 |    18 |     9 |    10 |     2 ||    48
         Potion            |       |       |     1 |       |     1 |     6 |       ||     8
   Stab: Sleeping          |     5 |     3 |     1 |     4 |    17 |    21 |     8 ||    59
         Betrayed ally     |       |       |     1 |       |       |       |       ||     1
         Distracted        |       |       |     4 |    11 |    20 |    35 |    18 ||    88
         Petrified         |       |       |       |       |    15 |     1 |       ||    16
         Petrifying        |       |       |       |       |     4 |       |       ||     4
         Fleeing           |       |       |       |       |       |     1 |     9 ||    10
 Armour: Leather armour    |    52 |    57 |       |       |       |       |       ||   109
         Ring mail         |       |   109 |   180 |   321 |   552 |   554 |   315 ||  2031
  Dodge: Dodged            |    46 |    92 |   136 |   323 |   612 |   800 |   434 ||  2443

Table legend: (Time is in decaauts)
 A = Elapsed time spent in this place.
 B = Non-inter-level travel time spent in this place.
 C = Inter-level travel time spent in this place.
 D = Time resting spent in this place.
 E = Time spent auto-exploring this place.
 F = Levels seen in this place.
 G = Mean time per level.
                   A        B        C        D        E       F      G
               +--------+--------+--------+--------+--------+-----+--------+
         Total |  39729 |  37395 |   2334 |   2707 |  24836 |  34 | 1168.5 |
       Dungeon |  17838 |  16721 |   1117 |    945 |  11510 |  15 | 1189.2 |
        Temple |     13 |      8 |      5 |      0 |      0 |   1 |   13.0 |
          Lair |   5977 |   5402 |    575 |    301 |   3815 |   5 | 1195.4 |
        Shoals |   2899 |   2641 |    258 |      0 |   1390 |   4 |  724.8 |
     Snake Pit |   6431 |   6223 |    208 |    498 |   4703 |   4 | 1607.8 |
  Orcish Mines |   1762 |   1599 |    163 |      0 |   1220 |   2 |  881.0 |
        Vaults |   3517 |   3512 |      5 |    486 |   1869 |   2 | 1758.5 |
      Ice Cave |   1290 |   1290 |      0 |    477 |    327 |   1 | 1290.0 |
               +--------+--------+--------+--------+--------+-----+--------+

Top non-repeatable levels by time:
 Snake:4: 2260 daAuts
Vaults:1: 2010 daAuts
     D:7: 1704 daAuts
  Lair:2: 1690 daAuts
 Snake:1: 1679 daAuts
     D:9: 1607 daAuts
Vaults:2: 1506 daAuts
     D:4: 1420 daAuts
 Snake:2: 1419 daAuts
    D:11: 1347 daAuts
    D:14: 1345 daAuts
     D:6: 1314 daAuts
   IceCv: 1290 daAuts
   Orc:2: 1252 daAuts
  Lair:1: 1236 daAuts
